 Dungeon Crawl Stone Soup version 0.31-a0-981-geadf994542 (webtiles) character file.

Game seed: 2249869380641073287

74 BinkBink the Ducker (level 4, -1/37 HPs)
             Began as a Merfolk Monk on Nov 1, 2023.
             Slain by a gnoll
             ... wielding a +0 spear
              (6 damage)
             ... on level 2 of the Dungeon.
             The game lasted 00:00:51 (1035 turns).

BinkBink the Ducker (Merfolk Monk)                  Turns: 1035, Time: 00:00:52

Health: -1/37      AC:  2    Str: 11    XL:     4   Next: 30%
Magic:  4/4        EV: 14    Int:  9    God:
Gold:   89         SH:  0    Dex: 18    Spells: 3/3 levels left

rFire   . . .        a - +0 falchion
rCold   . . .        d - orb {light}
rNeg    . . .        b - +0 robe
rPois   .            (no helmet)
rElec   .            (no cloak)
rCorr   .            (no gloves)
SInv    .            (no boots)
Will    .....        (no amulet)
Stlth   +            (no ring)
HPRegen 0.26/turn    (no ring)
MPRegen 0.09/turn

%: no passive effects
@: glowing
A: (nimble swimmer 2), mertail
a: no special abilities


You were on level 2 of the Dungeon.
You visited 1 branch of the dungeon, and saw 2 of its levels.

You collected 89 gold pieces.

Inventory:

Hand Weapons
 a - a +0 falchion (weapon)
Armour
 b - a +0 robe (worn)
 d - an orb of light (worn)
Wands
 h - a wand of polymorph (5)
Scrolls
 e - a scroll of identify
 f - a scroll of blinking
 i - a scroll of noise {unknown}
Potions
 c - a potion of ambrosia
 g - a potion of curing {unknown}


   Skills:
 + Level 4.2 Fighting
 + Level 4.5 Long Blades
 + Level 5.0 Dodging


You had 3 spell levels left.
You didn't know any spells.
Your spell library was empty.

Dungeon Overview and Level Annotations

Branches:
Dungeon (2/15)

Altars:


Innate Abilities, Weirdness & Mutations

((You are very nimble when in or above water. (Stealth+, EV+, Speed+++)))
Your lower body shifts to a powerful aquatic tail in water.


Message History

You hit the giant cockroach.
You kill the giant cockroach!
A gnoll comes into view. It is wielding a +0 spear.
An endoplasm comes into view.
The gnoll shouts!
A gnoll comes into view. It is wielding a +0 club.
You hit the gnoll.
The gnoll is moderately wounded.
The gnoll hits you with a +0 whip.
You barely miss the gnoll.
The gnoll is moderately wounded.
The gnoll barely misses you. x2; The gnoll hits you but does no damage.
The gnoll closely misses you.
You slash the gnoll!
You kill the gnoll!
The gnoll hits you from afar with a +0 spear!
You have reached level 4!
The endoplasm attacks as it pursues you!
The endoplasm misses you.
The endoplasm attacks as it pursues you!
The endoplasm hits you but does no damage.
You slash the endoplasm!
You kill the endoplasm!
The gnoll closely misses you.
The gnoll hits you from afar with a +0 spear!
You hit the gnoll.
The gnoll is moderately wounded.
The gnoll closely misses you. The gnoll completely misses you.
You hit the gnoll.
The gnoll is severely wounded.
The gnoll hits you with a +0 club.
The gnoll hits you from afar with a +0 spear.
* * * LOW HITPOINT WARNING * * *
You hit the gnoll.
You kill the gnoll!
The gnoll hits you from afar with a +0 spear.
* * * LOW HITPOINT WARNING * * *
Your Dodging skill increases to level 5!
The gnoll hits you with a +0 spear.
You die...

#.. #)# #.# #.# #.#
#.# #.# #g# #@# ###
## #.#####.. ..
#.##....# ### ##
#.##.##.# ... ..
#.##.##.###.# ##
##.##.##.....#
#..........#####
##.##......))..####
#############.....


You could see a gnoll.

Vanquished Creatures
  Natasha (D:2)
  2 gnolls (D:2)
  2 dart slugs
  5 ball pythons
  6 endoplasms
  2 giant cockroaches (D:2)
  A goblin (D:2)
  3 kobolds
  A quokka (D:1)
  5 frilled lizards
28 creatures vanquished.

Notes
Turn   | Place    | Note
-------+----------+-------------------------------------------
     0 | D:1      | BinkBink the Merfolk Monk began the quest for the Orb.
     0 | D:1      | Reached XP level 1. HP: 18/18 MP: 1/1
   160 | D:1      | Reached XP level 2. HP: 22/24 MP: 2/2
   748 | D:2      | Reached XP level 3. HP: 30/30 MP: 3/3
   923 | D:2      | Noticed Natasha
   929 | D:2      | Killed Natasha
  1022 | D:2      | Reached XP level 4. HP: 24/37 MP: 4/4
  1035 | D:2      | Reached skill level 5 in Dodging
  1035 | D:2      | Slain by a gnoll

Illustrated notes

Levels and vault maps discovered:
D:1:      mrwooster_arrival_statue_3, layout_loops_ring, minmay_pentomino_w2
D:2:      layout_loops_ring, uniq_natasha

Skill      XL: |  1  2  3  4 |
---------------+-------------+-----
Long Blades    | 4 |  4.5
Fighting       | 4 |  4.2
Dodging        | 5 |  5.0

Action                     |  1- 3 |  4- 6 || total
---------------------------+-------+-------++-------
  Melee: Falchion          |    45 |     4 ||    49
    Use: Scroll            |     2 |       ||     2
 Armour: Robe              |    25 |     6 ||    31
  Dodge: Dodged            |    29 |     4 ||    33

Table legend: (Time is in decaauts)
 A = Elapsed time spent in this place.
 B = Non-inter-level travel time spent in this place.
 C = Inter-level travel time spent in this place.
 D = Time resting spent in this place.
 E = Time spent auto-exploring this place.
 F = Levels seen in this place.
 G = Mean time per level.
                   A        B        C        D        E       F      G
               +--------+--------+--------+--------+--------+-----+--------+
         Total |   1039 |   1027 |     12 |    115 |    769 |   2 |  519.5 |
       Dungeon |   1039 |   1027 |     12 |    115 |    769 |   2 |  519.5 |
               +--------+--------+--------+--------+--------+-----+--------+

Top non-repeatable levels by time:
     D:1: 674 daAuts
     D:2: 365 daAuts
